Map: Iron Fortress LE

Players

Neuro - Winner!

  • Race: Zerg Zerg
  • Spawn Location: 5:00

HuK

  • Race: Protoss Protoss
  • Spawn Location: 1:00

Event: LycanGTV LotV Beta Tournament 1

VOD

Have the link to the VOD?

Description

Time

  • Played on: April 2, 2015, 12:44 p.m.
  • Length: 5:16

All games in this series

Show
View Real Time Build Order
Export as new Build Order

Neuro Zerg - Winner!

Build Orders: Pool First, Zergling Baneling 

Get SALT Encoding   

  12  0:01  Drone  
  13  0:12  Overlord  
  13  0:17  Drone  
  14  0:31  Drone x2  
  14  0:35  Drone  
  17  0:44  Spawning Pool  
  17  0:47  Drone  
  17  0:57  Drone  
  18  0:59  Extractor  
  17  1:07  Drone  
  18  1:17  Hatchery  
  17  1:20  Drone  
  18  1:29  Overlord  
  18  1:37  Queen  
  20  1:42  Zergling x2  
  21  1:50  Zergling x2  
  22  1:59  Metabolic Boost  
  22  2:09  Drone  
  22  2:13  Drone, Queen  
  26  2:25  Baneling Nest  
  25  2:30  Zergling x2  
  25  2:31  Zergling x2  
  27  2:40  Overlord  
  27  2:49  Zergling x12  
  33  3:04  Zergling x6  
  35  3:14  Zergling x4  
  37  3:30  Zergling x2  
  37  3:31  Zergling x14  
  42  3:39  Zergling x4  
  42  3:44  Zergling x4  
  40  3:56  Baneling x2  
  40  3:57  Zergling x4  
  40  3:59  Baneling x3  
  40  4:02  Zergling x2  
  43  4:10  Baneling x3  
  37  4:29  Zergling x2  
  37  4:30  Zergling x12  
  41  4:38  Zergling x6  
  41  4:42  Zergling x2  
  35  4:58  Zergling x4  
Show
View Real Time Build Order
Export as new Build Order

HuK Protoss 

Build Orders: 1 Gate Expand 

Get SALT Encoding   

  12  0:09  Pylon  
  12  0:14  Probe  
  13  0:26  Probe  
  14  0:34  Gateway  
  14  0:38  Probe  
  15  0:51  Probe  
  16  1:03  Probe  
  17  1:12  Nexus  
  17  1:15  Probe  
  17  1:17  Assimilator  
  18  1:23  Assimilator  
  18  1:27  Probe  
  19  1:36  Cybernetics Core  
  20  1:40  Probe  
  20  1:49  Pylon  
  20  1:52  Probe (Chrono Boost)  
  21  2:03  Probe (Chrono Boost)  
  24  2:13  Warp Gate (Chrono Boost)  
  24  2:16  Probe  
  24  2:20  Robotics Facility  
  23  2:25  Zealot (Chrono Boost)  
  26  2:31  Probe x2 (Chrono Boost)  
  27  2:43  Probe (Chrono Boost)  
  29  2:45  Probe (Chrono Boost)  
  30  2:52  Mothership Core (Chrono Boost)  
  30  2:54  Probe (Chrono Boost)  
  30  2:55  Sentry (Chrono Boost)  
  34  3:02  Probe (Chrono Boost)  
  35  3:06  Probe  
  35  3:10  Immortal (Chrono Boost)  
  40  3:18  Pylon  
  34  3:42  Probe x2  
  28  3:53  Gateway  
  28  3:54  Probe x2  
  28  3:55  Gateway  
  24  4:06  Probe x2  
  25  4:16  Zealot  
  25  4:18  Probe  
  10  4:32  Probe  
  10  4:38  Probe  
  9  4:42  Sentry  
  9  4:56  Probe (Chrono Boost)  
  7  5:00  Sentry  

Tags
 
Add a new tag
Caveats
  • Supply blocks, unpowered buildings, or Contaminate may cause inaccurate times.
  • Supply counts are checked every 10 seconds.